 Dungeon Crawl Stone Soup version 0.27-a0-824-gca8104f8d5 (webtiles) character file.

Game seed: 16771362393230813035

112 Johnny the Poker (level 4, 0/37 HPs)
             Began as a Demigod Gladiator on Mar 30, 2021.
             Slain by a phantom (7 damage)
             ... on level 3 of the Dungeon.
             The game lasted 00:01:36 (2016 turns).

Johnny the Poker (Demigod Gladiator)                Turns: 2016, Time: 00:01:36

Health: 0/37       AC:  9    Str: 19    XL:     4   Next: 37%
Magic:  6/6        EV:  8    Int: 10    God:
Gold:   105        SH:  0    Dex: 15    Spells: 3/3 levels left

rFire    . . .     SeeInvis .   a - +0 trident
rCold    . . .     Faith    .   (no shield)
rNeg     + . .     Spirit   .   h - +0 chain mail
rPois    .         Reflect  .   c - +0 helmet
rElec    .         Harm     .   (no cloak)
rCorr    .         Rampage  .   (no gloves)
Will     .....                  (no boots)
Stlth    ..........             (no amulet)
HPRegen  0.12/turn              g - ring of positive energy
MPRegen  0.10/turn              (no ring)

@: no status effects
A: high mp 1, forlorn
a: no special abilities


You were on level 3 of the Dungeon.
You visited 1 branch of the dungeon, and saw 3 of its levels.

You collected 105 gold pieces.

Inventory:

Hand Weapons
 a - a +0 trident (weapon)
Missiles
 d - 3 throwing nets (quivered)
Armour
 c - a +0 helmet (worn)
 h - a +0 chain mail (worn)
Jewellery
 g - a ring of positive energy (left hand)
Wands
 l - a wand of iceblast (8)
Scrolls
 b - 2 scrolls of immolation {unknown}
 e - a scroll of noise {unknown}
 i - a scroll of enchant armour {unknown}
 j - a scroll of blinking {unknown}
Potions
 f - 3 potions of curing
 k - 3 potions of mutation {unknown}


   Skills:
 + Level 2.9 Fighting
 * Level 4.3 Polearms
 - Level 1.7 Throwing
 - Level 2.6 Dodging


You had 3 spell levels left.
You didn't know any spells.
Your spell library was empty.

Dungeon Overview and Level Annotations

Branches:
Dungeon (3/15)


Innate Abilities, Weirdness & Mutations

Your attributes grow dramatically as you level up.
You have an increased reservoir of magic. (+10% MP)
You shall have no god before yourself.


Message History

Aim: a phantom (severely damaged, about 52% to evade your +0 trident)
You hit the phantom but do no damage.
The phantom is severely damaged.
The phantom hits you but does no damage.
The orc hits you but does no damage.
Reach: a) +0 trident
Press: ? - help, Dir - move target, f/p - phantom
Aim: a phantom (severely damaged, about 52% to evade your +0 trident)
You hit the phantom.
The phantom is almost destroyed.
The phantom closely misses you. The orc completely misses you.
Reach: a) +0 trident
Press: ? - help, Dir - move target, f/p - phantom
Aim: a phantom (almost destroyed, about 50% to evade your +0 trident)
You barely miss the phantom.
The phantom is almost destroyed.
The phantom hits you but does no damage.
The orc hits you but does no damage. The orc hits you with a +0 dagger.
* * * LOW HITPOINT WARNING * * *
The phantom misses you.
Reach: a) +0 trident
Press: ? - help, Dir - move target, f/p - phantom
Aim: a phantom (almost destroyed, about 52% to evade your +0 trident)
You hit the phantom.
The phantom is almost destroyed.
The phantom barely misses you. The orc hits you but does no damage.
Reach: a) +0 trident
Press: ? - help, Dir - move target, f/p - phantom
Aim: a phantom (almost destroyed, about 50% to evade your +0 trident)
You miss the phantom.
The phantom is almost destroyed.
The orc barely misses you.
The phantom hits you but does no damage.
Reach: a) +0 trident
Press: ? - help, Dir - move target, f/p - phantom
Aim: a phantom (almost destroyed, about 52% to evade your +0 trident)
You closely miss the phantom.
The phantom is almost destroyed.
The orc hits you but does no damage. The phantom hits you!
You die...

## ... # #.>##. #######
#..#.## ##.......
#>.#..###.# ..
#......#.##
....#.......###
......W.).....########.#
..###@o####.##........
#..####.##.#####..
#..#..........##..
...#.##<##.##.##.. ##..#
#.##.##.##.. #...
..##.##.#.#. #.##
#####.##..### #.#
#.####.#. ..# ##.#


You could see a phantom and an orc.

Vanquished Creatures
  Jessica (D:2)
  A howler monkey skeleton (D:2)
  4 adders (D:2)
  2 giant cockroaches
  7 goblins
  8 jackals
  2 quokkas
  A ball python (D:3)
  4 bats
  2 frilled lizards
  5 kobolds
  5 rats
42 creatures vanquished.

Notes
Turn   | Place    | Note
-------+----------+-------------------------------------------
     0 | D:1      | Johnny the Demigod Gladiator began the quest for the Orb.
     0 | D:1      | Reached XP level 1. HP: 17/17 MP: 3/3
   106 | D:1      | Reached skill level 3 in Polearms
   375 | D:1      | Reached XP level 2. HP: 24/24 MP: 4/4
   774 | D:2      | Reached XP level 3. HP: 23/30 MP: 5/5
  1121 | D:2      | Reached skill level 4 in Polearms
  1526 | D:2      | Noticed Jessica
  1544 | D:2      | Killed Jessica
  1545 | D:2      | Reached XP level 4. HP: 7/37 MP: 6/6
  1989 | D:3      | Noticed a phantom
  2016 | D:3      | Slain by a phantom

Illustrated notes

Levels and vault maps discovered:
D:1:      minmay_arrival_doors, layout_basic, chequers_serial_rivers_micro_b
D:2:      layout_loops_ring, minmay_misc_feat_ornament, uniq_jessica
D:3:      layout_loops_ring, uniq_crazy_yiuf_cottage

Skill      XL: |  1  2  3 |
---------------+----------+-----
Fighting       | 2 |  2.9
Polearms       | 3 4 |  4.3
Throwing       | |  1.7
Dodging        | |  2.6

Action                   |  1- 3 |  4- 6 || total
-------------------------+-------+-------++-------
Melee: Trident           |   118 |    33 ||   151
  Use: Potion            |     1 |       ||     1
Armor: Chain mail        |    94 |    24 ||   118
       Leather armour    |     1 |       ||     1
Dodge: Dodged            |    52 |    12 ||    64

Table legend: (Time is in decaauts)
 A = Elapsed time spent in this place.
 B = Non-inter-level travel time spent in this place.
 C = Inter-level travel time spent in this place.
 D = Time resting spent in this place.
 E = Time spent auto-exploring this place.
 F = Levels seen in this place.
 G = Mean time per level.
                   A        B        C        D        E       F      G
               +--------+--------+--------+--------+--------+-----+--------+
         Total |   2034 |   1979 |     55 |    414 |   1270 |   3 |  678.0 |
       Dungeon |   2034 |   1979 |     55 |    414 |   1270 |   3 |  678.0 |
               +--------+--------+--------+--------+--------+-----+--------+

Top non-repeatable levels by time:
     D:2: 1452 daAuts
     D:1: 482 daAuts
     D:3: 99 daAuts
